 Dungeon Crawl Stone Soup version 0.26-a0-652-gafc20e3620 (webtiles) character file.

Game seed: 3623457622410571701

326 DoubleLucky the Caller (level 6, -16/37 HPs)
             Began as a Tengu Summoner on Oct 3, 2020.
             Demolished by an ogre
             ... wielding a +0 giant club
              (22 damage)
             ... on level 5 of the Dungeon.
             The game lasted 00:15:56 (6383 turns).

DoubleLucky the Caller (Tengu Summoner)             Turns: 6383, Time: 00:15:56

Health: -16/37     AC:  5    Str:  8    XL:     6   Next: 49%
Magic:  6/12       EV: 14    Int: 17    God:
Gold:   131        SH:  0    Dex: 15    Spells: 6/12 levels left

rFire    . . .     SeeInvis .   l - +1 glaive
rCold    . . .     Faith    .   (shield currently unavailable)
rNeg     . . .     Spirit   .   j - +0 leather armour
rPois    .         Reflect  .   (helmet restricted)
rElec    .         Harm     .   m - +1 cloak
rCorr    .         Rampage  .   (no gloves)
MR       .....                  (boots unavailable)
Stlth    ++........             (no amulet)
HPRegen  0.12/turn              (no ring)
MPRegen  0.13/turn              (no ring)

@: flying quickly and evasively, quick
A: beak, talons 3, able to fly
a: Stop Flying


You were on level 5 of the Dungeon.
You visited 1 branch of the dungeon, and saw 5 of its levels.

You collected 131 gold pieces.

Inventory:

Hand Weapons
 c - a +0 short sword
 l - a +1 glaive (weapon)
 s - a +1 rapier of speed
Armour
 a - a +0 robe
 j - a +0 leather armour (worn)
 m - a +1 cloak (worn)
 u - the +1 robe "Irecedea" {Rampage, unknown}
   (You found it on level 4 of the Dungeon)

   It bestows one free step when moving towards enemies.
 y - the cursed +1 chain mail of Buihoffa {rElec rN+ Str+2 Dex-5, unknown}
   (You found it on level 4 of the Dungeon)

   It affects your strength (+2).
   It affects your dexterity (-5).
   It insulates you from electricity.
   It protects you from negative energy.
   It has a curse placed upon it.
Jewellery
 A - a +6 ring of dexterity {unknown}
Wands
 v - a wand of disintegration (15)
Scrolls
 d - a scroll of enchant armour
 h - a scroll of remove curse {unknown}
 i - 3 scrolls of magic mapping {unknown}
 k - a scroll of enchant weapon
 n - a scroll of fog
 p - a scroll of fear {unknown}
 r - a scroll of immolation {unknown}
 w - a scroll of amnesia {unknown}
 x - a scroll of blinking {unknown}
Potions
 b - a potion of ambrosia {unknown}
 e - 3 potions of might
 f - a potion of heal wounds {unknown}
 g - a potion of flight
 o - a potion of curing
 q - a potion of lignification
 t - a potion of magic {unknown}
 z - a potion of invisibility {unknown}


   Skills:
 + Level 3.0 Fighting
 + Level 2.5 Polearms
 - Level 2.1 Dodging
 - Level 2.0 Stealth
 + Level 3.6 Spellcasting
 + Level 6.2 Summonings


You had 6 spell levels left.
You knew the following spells:

 Your Spells              Type           Power        Failure   Level
a - Summon Small Mammal   Summ           ###.         1%          1
b - Call Imp              Summ           ###.....     2%          2
c - Call Canine Familiar  Summ           ###.....     5%          3

Your spell library contained the following spells:

 Spells                   Type           Power        Failure   Level
 Summon Guardian Golem    Hex/Summ       ##......     21%         3
 Summon Ice Beast         Ice/Summ       ##......     54%         4
 Summon Lightning Spire   Summ/Air       ##......     54%         4


Dungeon Overview and Level Annotations

Branches:
Dungeon (5/15)
 Temple: D:4-7

Altars:
Fedhas
Wu Jian

Annotations:
D:3 2 transporters, exclusion: 2 downstairs
D:5 Blork the orc, Ijyb, Menkaure


Innate Abilities, Weirdness & Mutations

You have a beak for a mouth.
You have claws for feet.
You can fly continuously.


Message History

Ijyb convulses!
Your body is wracked with pain!
The adder convulses!
The ogre convulses!
Your hound barely misses the worker ant.
The adder bites you.
Your bat closely misses the adder.
The worker ant bites your hound!
Your hound dies!
Your hound's corpse disappears in a puff of smoke!
The adder bites you.
You swap places.
A dart slug comes into view.
Your bat hits Ijyb but does no damage. x2
Blork the orc casts a spell at you. The puff of flame misses your bat.
The puff of flame hits you!
* * * LOW HITPOINT WARNING * * *
The dart slug launches a dart at you. The slug dart misses your bat.
The slug dart hits you but does no damage.
The ogre hits you with a +0 giant club!!
Ouch! That really hurt!
You die...

#................
#................
#..............
#####.........M.[
###.#.....######'#
....#.....#...†.a#
<...#....w#....lS#
...§#.....'..§oOg#
....'.....#....b@#
....#.....#......#
....#.....#......#
....#.....#......#
.##+#.....######.#
+# .......# ###
.......# ......#


You could see Blork the orc, an ogre, Ijyb, Menkaure, a worker ant, an adder, a
dart slug, a leopard gecko and a friendly bat (summoned).

Vanquished Creatures
  Natasha (D:4)
  2 worker ants (D:4)
  A hound skeleton (D:4)
  3 adders
  2 orcs
  2 bats (D:3)
  A giant cockroach (D:3)
  7 goblins
  2 hobgoblins
  A jackal (D:5)
  A quokka (D:4)
  2 ball pythons (D:1)
  4 frilled lizards
  A kobold (D:3)
  2 rats
32 creatures vanquished.

Vanquished Creatures (collateral kills)
  An ogre (D:4)
  A hound (D:4)
  An orc priest (D:4)
  A centaur skeleton (D:5)
  Natasha (twice) (D:4)
  A worker ant (D:4)
  A hound skeleton (D:5)
  A howler monkey zombie (D:5)
  2 adders
  An ooze (D:1)
  An adder skeleton (D:4)
  3 worms
  4 dart slugs (D:1)
  A leopard gecko (D:4)
  6 orcs
  A ball python (D:2)
  2 giant cockroaches
  5 goblins
  6 hobgoblins
  7 jackals
  3 kobolds (D:1)
  3 bats
  5 rats
59 creatures vanquished.

Grand Total: 91 creatures vanquished

Notes
Turn   | Place    | Note
-------+----------+-------------------------------------------
     0 | D:1      | DoubleLucky the Tengu Summoner began the quest for the Orb.
     0 | D:1      | Reached XP level 1. HP: 10/10 MP: 4/4
   131 | D:1      | Reached skill level 5 in Summonings
   131 | D:1      | Reached XP level 2. HP: 16/16 MP: 0/6
   327 | D:1      | Reached skill level 1 in Fighting
  1031 | D:1      | Reached XP level 3. HP: 20/20 MP: 2/7
  1771 | D:2      | Learned a level 2 spell: Call Imp
  2434 | D:2      | Reached XP level 4. HP: 26/26 MP: 2/9
  3115 | D:3      | Found a blossoming altar of Fedhas.
  3133 | D:3      | Found a transporter.
  3144 | D:3      | Found a transporter.
  3470 | D:3      | Found an ornate altar of the Wu Jian Council.
  4086 | D:4      | Learned a level 3 spell: Call Canine Familiar
  4426 | D:4      | Reached skill level 1 in Polearms
  4544 | D:4      | Got a slimy robe
  4656 | D:4      | Gained mutation: You can fly continuously. [Tengu growth]
  4656 | D:4      | Reached XP level 5. HP: 30/30 MP: 7/10
  4850 | D:4      | Noticed Natasha
  5000 | D:4      | Got a shimmering chain mail
  5022 | D:4      | Noticed an ogre
  5047 | D:4      | Killed an ogre
  5047 | D:4      | Reached skill level 6 in Summonings
  5047 | D:4      | Reached XP level 6. HP: 36/36 MP: 4/12
  5560 | D:4      | Killed Natasha
  5642 | D:4      | Noticed Natasha
  5658 | D:4      | Killed Natasha
  5727 | D:4      | Noticed Natasha
  5742 | D:4      | Killed Natasha
  6295 | D:5      | Entered Level 5 of the Dungeon
  6367 | D:5      | Noticed Ijyb
  6379 | D:5      | Noticed Blork the orc
  6380 | D:5      | Noticed Menkaure
  6383 | D:5      | Demolished by an ogre

Illustrated notes

Levels and vault maps discovered:
D:1:      dpeg_arrival_round_c, layout_loops_ring, grunt_decor_one_mirror,
          chequers_arboretum, minivault_4, st_stairs_13, minivault_26
D:2:      layout_basic
D:3:      layout_basic, gammafunk_temple_overflow_arena, fedhas_altar_1
D:4:      layout_loops_ring, uniq_natasha
D:5:      layout_gridville, gammafunk_ghost_abyssal_escape, trog_wizard,
          uniq_menkaure, uniq_blork_the_orc, uniq_ijyb

Skill      XL: |  1  2  3  4  5  6 |
---------------+-------------------+-----
Summonings     | 5 6 |  6.2
Fighting       | 1 2 3 |  3.0
Polearms       | 1 2 |  2.5
Spellcasting   | 3 |  3.6
Dodging        | |  2.1
Stealth        | |  2.0

Action                   |  1- 3 |  4- 6 || total
-------------------------+-------+-------++-------
Melee: Unarmed           |     5 |       ||     5
       Kick              |     8 |     8 ||    16
       Short sword       |    28 |       ||    28
       Peck              |     4 |     3 ||     7
       Glaive            |       |    73 ||    73
 Cast: Summon Small Mamm |   104 |    50 ||   154
       Call Imp          |     6 |    35 ||    41
       Call Canine Famil |       |     4 ||     4
 Abil: Fly               |       |     1 ||     1
  Use: Scroll            |       |     7 ||     7
 Stab: Distracted        |     1 |     1 ||     2
       Sleeping          |     2 |     1 ||     3
Armor: Robe              |     5 |       ||     5
       Leather armour    |       |    19 ||    19
Dodge: Dodged            |    17 |    58 ||    75

Table legend: (Time is in decaauts)
 A = Elapsed time spent in this place.
 B = Non-inter-level travel time spent in this place.
 C = Inter-level travel time spent in this place.
 D = Time resting spent in this place.
 E = Time spent auto-exploring this place.
 F = Levels seen in this place.
 G = Mean time per level.
                   A        B        C        D        E       F      G
               +--------+--------+--------+--------+--------+-----+--------+
         Total |   6346 |   6097 |    249 |    496 |   4481 |   5 | 1269.2 |
       Dungeon |   6346 |   6097 |    249 |    496 |   4481 |   5 | 1269.2 |
               +--------+--------+--------+--------+--------+-----+--------+

Top non-repeatable levels by time:
     D:4: 1739 daAuts
     D:3: 1552 daAuts
     D:1: 1490 daAuts
     D:2: 1471 daAuts
     D:5: 92 daAuts
